 Dungeon Crawl Stone Soup version 0.32-a0-18-g89e19f1974 (webtiles) character file.

Game seed: 13510263915129804296

3935 Xavori the Covered (level 10, -10/79 HPs)
             Began as a Djinni Chaos Knight on Jan 16, 2024.
             Was a Plaything of Xom.
             Killed from afar by a gargoyle (25 damage)
             ... with a stone arrow
             ... on level 7 of the Dungeon.
             The game lasted 00:09:02 (11277 turns).

Xavori the Covered (Djinni Chaos Knight)           Turns: 11277, Time: 00:09:02

Health: -10/79     AC: 17    Str: 12    XL:     10   Next: 44%
Gold:   109        EV: 11    Int: 14    God:    Xom [..*...] SH:  0 Dex: 18

rFire   + . .        f - +1 double sword
rCold   + . .        (no shield)
rNeg    . . .        n - +0 ice dragon scales
rPois   ∞            (helmet restricted)
rElec   .            (no cloak)
rCorr   .            v - +0 pair of gloves
SInv    +            (boots unavailable)
Will    +....        k - amulet of the acrobat Stlth
                     D - ring of see invisible
HPRegen 0.33/turn    (no ring)
MPRegen 0.00/turn

%: acrobat, infuse magic (-11 HP)
@: flying
A: sickness immunity, fire resistance 2, cold vulnerability 1, float, innate
caster, HP casting, extra vitality 1, horns 1, iridescent scales 2, agile 1,
robust 1, evolution 1, subdued magic 1, MP-powered wands
a: Renounce Religion


You were on level 7 of the Dungeon.
You worshipped Xom.
You were a toy of Xom.
You visited 1 branch of the dungeon, and saw 7 of its levels.
You also visited: Sewer.

You collected 375 gold pieces.
You spent 266 gold pieces at shops.

Inventory:

Hand Weapons
 a - a +0 falchion of chaos
 f - a +1 double sword (weapon)
Missiles
 s - 2 throwing nets (quivered)
Armour
 b - a +2 leather armour
 n - +0 ice dragon scales (worn)
 v - a +0 pair of gloves (worn)
Jewellery
 k - an amulet of the acrobat (around neck)
 D - a ring of see invisible (left hand)
Wands
 h - a wand of digging (7)
 q - a wand of roots (5)
 w - a wand of polymorph (7)
Scrolls
 c - a scroll of butterflies
 d - a scroll of immolation
 e - 3 scrolls of blinking
 i - a scroll of torment
 l - 5 scrolls of teleportation
 m - a scroll of poison
Potions
 g - 6 potions of curing
 o - 3 potions of heal wounds
 p - 5 potions of might
 r - 5 potions of enlightenment {unknown}
 u - 2 potions of berserk rage {unknown}
 x - 3 potions of brilliance
 z - 2 potions of resistance {unknown}
 A - a potion of invisibility {unknown}
 B - a potion of magic {unknown}


   Skills:
 + Level 6.0 Fighting
 + Level 5.4 Long Blades
 * Level 7.2 Armour
 + Level 6.0 Dodging
 * Level 5.3 Spellcasting
 * Level 5.3 Conjurations
 * Level 5.3 Hexes
   Level 0.0 Charms
 * Level 5.3 Summonings
 * Level 5.3 Necromancy
 * Level 5.3 Translocations
   Level 0.0 Transmutations
 * Level 5.3 Fire Magic
 * Level 5.3 Ice Magic
 * Level 5.3 Air Magic
 * Level 5.3 Earth Magic
 * Level 5.3 Alchemy
 + Level 4.6 Evocations


You knew the following spells:

 Your Spells              Type           Power      Damage    Failure   Level
a - Apportation           Tloc           28%        N/A       9%          1
b - Blink                 Tloc           28%        N/A       13%         2
c - Gell's Gravitas       Tloc           14%        N/A       28%         3
d - Dispel Undead         Necr           14%        3d10      67%         4
Your spell library was empty.

Dungeon Overview and Level Annotations

Branches:
Dungeon (7/15)             Temple (0/1) D:6           Sewer (visited)

Altars:
Wu Jian
Xom
The Shining One

Shops:
D:6 !


Innate Abilities, Weirdness & Mutations

You are immune to sickness and miasma.
You are immune to poison.
Your flesh is very heat resistant. (rF++)
You are vulnerable to cold. (rC-)
You float through the air rather than walking.
You learn spells naturally, not from books.
Your magical power is your life essence.
You have superior vitality. (+4 MHP)
You have a pair of small horns on your head.
You are mostly covered in iridescent scales. (AC +4)
You are agile. (Dex +4, Str/Int -1)
You are robust. (+10% HP)
You have hidden genetic potential.
Your spells are a little easier to cast, but a little less powerful.
You expend health (3 HP) to strengthen your wands.


Message History

You hit the gargoyle but do no damage.
The gargoyle is heavily damaged.
The gargoyle hurls a stone arrow at you.
The stone arrow hits you but does no damage.
You hit the gargoyle but do no damage.
The gargoyle is heavily damaged.
The gargoyle hits you with a +4 mace of chaos!
The gargoyle burns you. The gargoyle closely misses you.
You hit the gargoyle.
You headbutt the gargoyle, but do no damage.
The gargoyle is severely damaged.
The gargoyle hits you with a +4 mace of chaos!
The gargoyle burns you.
You hit the gargoyle. Your headbutt misses the gargoyle.
The gargoyle is almost destroyed.
The gargoyle hurls a stone arrow at you.
The stone arrow hits you but does no damage.
You hit the gargoyle but do no damage.
The gargoyle is almost destroyed.
The gargoyle hurls a stone arrow at you.
The stone arrow hits you!
* * * LOW HITPOINT WARNING * * *
The gargoyle barely misses you.
You hit the gargoyle but do no damage.
You headbutt the gargoyle, but do no damage.
The gargoyle is almost destroyed.
The gargoyle hurls a stone arrow at you.
The stone arrow hits you but does no damage.
You hit the gargoyle but do no damage.
You headbutt the gargoyle, but do no damage.
The gargoyle is almost destroyed.
The gargoyle hurls a stone arrow at you.
The stone arrow hits you.
* * * LOW HITPOINT WARNING * * *
You hit the gargoyle.
The gargoyle is almost destroyed.
The gargoyle hurls a stone arrow at you.
The stone arrow hits you!!
You die...
Xom bursts into laughter!

#.........#####
#.#
####...####...##
...
#.........#..#..#.
#....#..).##...##.
#.####....###.#
#.# #.###.##.##
#.# ...###.#.#9
#.##.##..####.##
#@##. ##.....⌠..
#9##.##..####.##
#.##.5..###.#.#.
#.# #.###.##.##
#.# #....###.##
#.#####...##...#
#.).5)9.5.#.....
#######.#B..#.#.
#....B....


You could see a gargoyle.

Vanquished Creatures
  A boulder beetle (D:7)
  A wyvern (D:7)
  Eustachio (D:5)
  2 water moccasins
  A swamp drake (shapeshifter) (Sewer)
  A black bear (D:5)
  A sky beast (D:6)
  An ogre (D:5)
  2 centaurs (D:7)
  2 phantoms
  5 kobold brigands
  3 scorpions
  5 wights (D:6)
  4 killer bees (D:7)
  2 bombardier beetles
  3 hounds (D:6)
  A jelly (D:3)
  4 sleepcaps
  2 orc priests
  2 iguanas
  3 orc wizards
  12 gnolls
  A gnoll (shapeshifter) (D:3)
  15 adders
  3 river rats
  A shadow imp (D:5)
  A white imp (D:5)
  An ufetubus (D:5)
  8 ribbon worms
  4 dart slugs
  14 orcs
  14 endoplasms
  2 giant cockroaches
  4 goblins
  6 hobgoblins
  A jackal (D:3)
  19 kobolds
  2 quokkas
  12 ball pythons
  A bat (D:3)
  5 frilled lizards
  14 rats
187 creatures vanquished.

Vanquished Creatures (collateral kills)
  2 ogres (D:6)
  A bullfrog (D:6)
  A killer bee (D:7)
  A howler monkey (D:6)
  A gnoll (D:6)
  3 orcs (D:6)
9 creatures vanquished.

Vanquished Creatures (others)
  A killer bee (D:7)
  A hound (D:6)
2 creatures vanquished.

Grand Total: 198 creatures vanquished

Notes
Turn   | Place    | Note
-------+----------+-------------------------------------------
     0 | D:1      | Xavori the Djinni Chaos Knight began the quest for the Orb.
     0 | D:1      | Reached XP level 1. HP: 20/20 MP: 0/0
   111 | D:1      | You are sucked into a shaft and drop 1 floor!
   175 | D:2      | XOM: silly message
   179 | D:2      | Reached XP level 2. HP: 20/25 MP: 0/0
   377 | D:2      | Reached XP level 3. HP: 30/30 MP: 0/0
   377 | D:2      | Learned a level 1 spell: Apportation
   387 | D:2      | Reached skill level 1 in Spellcasting
   387 | D:2      | Reached skill level 1 in Conjurations
   387 | D:2      | Reached skill level 1 in Hexes
   387 | D:2      | Reached skill level 1 in Summonings
   387 | D:2      | Reached skill level 1 in Necromancy
   387 | D:2      | Reached skill level 1 in Translocations
   387 | D:2      | Reached skill level 1 in Fire Magic
   387 | D:2      | Reached skill level 1 in Ice Magic
   387 | D:2      | Reached skill level 1 in Air Magic
   387 | D:2      | Reached skill level 1 in Earth Magic
   387 | D:2      | Reached skill level 1 in Alchemy
   418 | D:2      | XOM: god gift: halberd {god gift}
   479 | D:2      | Reached XP level 4. HP: 24/35 MP: 0/0
   746 | D:1      | XOM: 1-stop teleportation journey
  1289 | D:1      | XOM: summons 3 hostile demons
  2345 | D:1      | XOM: summons 3 hostile demons
  2607 | D:2      | XOM: 3-stop teleportation journey
  2872 | D:2      | Reached XP level 5. HP: 40/40 MP: 0/0
  2872 | D:2      | Learned a level 2 spell: Blink
  3054 | D:1      | XOM: give mutation
  3197 | D:1      | XOM: divination: detect creatures
  3292 | D:1      | XOM: scenery: summon butterflies
  3684 | D:1      | XOM: god gift: bubbling sapphire potion {god gift}
  4570 | D:1      | XOM: scenery: create altars
  4601 | D:1      | XOM: cloud trail
  4802 | D:1      | XOM: give mutations
  4802 | D:1      | Gained mutation: You expend health (3 HP) to strengthen
                  | your wands. [Xom's grace]
  4802 | D:1      | Gained mutation: You are agile. (Dex +4, Str/Int -1) [Xom's
                  | grace]
  5913 | D:1      | XOM: cloud trail
  6000 | D:1      | XOM: 8-stop teleportation journey
  6119 | D:1      | XOM: scenery: summon butterflies
  6218 | D:1      | XOM is BORED!
  6218 | D:1      | XOM: draining
  6420 | D:1      | XOM: god gift: wand of roots (3)
  6481 | D:1      | XOM: give mutations
  6481 | D:1      | Gained mutation: You are robust. (+10% HP) [Xom's grace]
  6481 | D:1      | Gained mutation: You have a pair of small horns on your
                  | head. [Xom's grace]
  6481 | D:1      | Gained mutation: You are partially covered in iridescent
                  | scales. (AC +2) [Xom's grace]
  6622 | D:3      | Reached skill level 2 in Armour
  6745 | D:3      | XOM: scenery: summon butterflies
  6862 | D:3      | a gnoll changed into a glowing shapeshifter
  6862 | D:3      | Noticed a glowing shapeshifter (glowing shapeshifter)
  6862 | D:3      | XOM: polymorph gnoll -> glowing shapeshifter
  6862 | D:3      | a glowing shapeshifter changed into a dart slug
  6874 | D:3      | Reached XP level 6. HP: 46/49 MP: 0/0
  6888 | D:3      | XOM: scenery: summon butterflies
  6962 | D:3      | XOM: give mutations
  6962 | D:3      | Gained mutation: You are somewhat resistant to further
                  | mutation. [Xom's grace]
  6962 | D:3      | Gained mutation: You are strong-willed. (Will+) [Xom's
                  | grace]
  6962 | D:3      | Gained mutation: You are mostly covered in iridescent
                  | scales. (AC +4) [Xom's grace]
  6962 | D:3      | Gained mutation: You have a somewhat thin skeletal
                  | structure. (Dex +2, Stealth+) [Xom's grace]
  7218 | D:3      | XOM: polymorph orc -> jackal
  7223 | D:3      | Reached skill level 1 in Evocations
  7390 | D:4      | Reached skill level 3 in Armour
  7479 | D:4      | Reached XP level 7. HP: 56/56 MP: 0/0
  7479 | D:4      | Learned a level 3 spell: Gell's Gravitas
  7752 | D:4      | Found an ornate altar of the Wu Jian Council.
  7933 | D:5      | Entered Level 5 of the Dungeon
  7973 | D:5      | Reached skill level 4 in Armour
  7973 | D:5      | Reached XP level 8. HP: 32/63 MP: 0/0
  8105 | D:5      | XOM: polymorph ufetubus -> shadow imp
  8159 | D:5      | XOM: god gift: 3 stones
  8216 | D:5      | Noticed Eustachio
  8235 | D:5      | XOM: summons 4 friendly demons
  8275 | D:5      | Killed Eustachio
  8463 | D:5      | Found a glowing drain.
  8483 | D:5      | XOM: give mutations
  8483 | D:5      | Gained mutation: Your health recovers twice as slowly from
                  | being drained. [Xom's mischief]
  8483 | D:5      | Lost mutation: You expend health (3 HP) to strengthen your
                  | wands. [Xom's mischief]
  8483 | D:5      | Lost mutation: You are agile. (Dex +4, Str/Int -1) [Xom's
                  | mischief]
  8487 | Sewer    | Entered a sewer
  8520 | Sewer    | a kobold brigand changed into a glowing shapeshifter
  8520 | Sewer    | Noticed a glowing shapeshifter (glowing shapeshifter)
  8520 | Sewer    | XOM: polymorph kobold brigand -> glowing shapeshifter
  8520 | Sewer    | a glowing shapeshifter changed into a wolf
  8580 | Sewer    | XOM: noise
  8619 | Sewer    | XOM: 3-stop teleportation journey
  8667 | Sewer    | XOM: chaos upgrade
  8674 | Sewer    | Paralysed by a kobold brigand for 1 turns
  8935 | Sewer    | Reached skill level 5 in Armour
  8951 | Sewer    | XOM: 4-stop teleportation journey
  9018 | Sewer    | XOM: chaos upgrade
  9022 | Sewer    | XOM: give mutations
  9022 | Sewer    | Gained mutation: You occasionally lose the ability to read
                  | scrolls when taking damage. [Xom's mischief]
  9022 | Sewer    | Lost mutation: You are strong-willed. (Will+) [Xom's
                  | mischief]
  9022 | Sewer    | Gained mutation: Your spells are a little easier to cast,
                  | but a little less powerful. [Xom's mischief]
  9022 | Sewer    | Gained mutation: You expend health (3 HP) to strengthen
                  | your wands. [Xom's mischief]
  9029 | Sewer    | Reached XP level 9. HP: 29/70 MP: 0/0
  9029 | Sewer    | Learned a level 4 spell: Dispel Undead
  9298 | Sewer    | XOM: enchant monster (bad)
  9358 | Sewer    | XOM: draining
  9533 | D:5      | XOM: noise
  9645 | D:5      | XOM: summons 1 hostile demon
  9702 | D:5      | XOM: give mutations
  9702 | D:5      | Lost mutation: You are somewhat resistant to further
                  | mutation. [Xom's mischief]
  9702 | D:5      | Gained mutation: You have hidden genetic potential. [Xom's
                  | mischief]
  9702 | D:5      | Lost mutation: You occasionally lose the ability to read
                  | scrolls when taking damage. [Xom's mischief]
  9702 | D:5      | Lost mutation: You have a somewhat thin skeletal structure.
                  | (Dex +2, Stealth+) [Xom's mischief]
  9702 | D:5      | Lost mutation: Your health recovers twice as slowly from
                  | being drained. [Xom's mischief]
  9723 | D:5      | XOM: silly message
  9776 | D:6      | XOM: cast spell 'Disjunction'
  9886 | D:5      | XOM: god gift: black potion {god gift}
  9965 | D:6      | Reached skill level 5 in Fighting
 10000 | D:6      | Reached skill level 5 in Dodging
 10126 | D:6      | XOM: summons friendly quasit
 10144 | D:6      | Found a staircase to the Ecumenical Temple.
 10163 | D:6      | Found Fuupim's Distillery.
 10204 | D:6      | Bought a potion of brilliance for 56 gold pieces
 10204 | D:6      | Bought a potion of attraction for 42 gold pieces
 10204 | D:6      | Bought a potion of curing for 42 gold pieces
 10204 | D:6      | Bought a potion of might for 56 gold pieces
 10204 | D:6      | Bought a potion of heal wounds for 70 gold pieces
 10256 | D:6      | Reached skill level 6 in Armour
 10483 | D:5      | XOM: noise
 10656 | D:6      | Reached skill level 5 in Long Blades
 10699 | D:6      | XOM: god gift: whip {god gift}
 10799 | D:6      | XOM: silly message
 10921 | D:7      | XOM: confuse monster(s)
 10924 | D:7      | Reached XP level 10. HP: 68/77 MP: 0/0
 10932 | D:7      | Gained mutation: You are agile. (Dex +4, Str/Int -1)
                  | [hidden potential]
 10938 | D:7      | Reached skill level 5 in Spellcasting
 10938 | D:7      | Reached skill level 5 in Conjurations
 10938 | D:7      | Reached skill level 5 in Hexes
 10938 | D:7      | Reached skill level 5 in Summonings
 10938 | D:7      | Reached skill level 5 in Necromancy
 10938 | D:7      | Reached skill level 5 in Translocations
 10938 | D:7      | Reached skill level 5 in Fire Magic
 10938 | D:7      | Reached skill level 5 in Ice Magic
 10938 | D:7      | Reached skill level 5 in Air Magic
 10938 | D:7      | Reached skill level 5 in Earth Magic
 10938 | D:7      | Reached skill level 5 in Alchemy
 11116 | D:7      | Found a glowing golden altar of the Shining One.
 11171 | D:7      | Noticed a boulder beetle
 11191 | D:7      | XOM: confuse monster(s)
 11217 | D:7      | Noticed a gargoyle
 11218 | D:7      | XOM: cast spell 'Dispersal'
 11232 | D:7      | XOM: summons 3 friendly demons
 11243 | D:7      | Noticed a gargoyle
 11248 | D:7      | XOM: divination: detect creatures
 11257 | D:7      | XOM: confuse monster(s)
 11259 | D:7      | XOM: chaos upgrade
 11267 | D:7      | Killed a boulder beetle
 11268 | D:7      | Reached skill level 7 in Armour
 11277 | D:7      | Killed from afar by a gargoyle

Illustrated notes

Levels and vault maps discovered:
D:1:      saegor_arrival_under_anarchy, layout_loops_ring,
          hangedman_abyss_or_decor_stabs, chequers_serial_rivers_small_b
D:2:      layout_loops_ring, dk_noncrumbling_4, minmay_split_cup_large
D:3:      layout_rooms, st_stairs_10
D:4:      layout_basic, kennysheep_mini_moat, guppyfry_early_orc_mine
D:5:      layout_rooms, lightli_sewer_entry_pipes, uniq_eustachio
D:6:      layout_rooms, minmay_temple_entry_grid, serial_shops, shop_coins,
          dreamdust_gnoll_farm
D:7:      layout_loops_ring, mainiacjoe_overflow_small_starburst, led_sif_book,
          zin_scriptorium, hangedman_abyss_or_decor_stagger, kb_rosetta

Skill      XL: |  1  2  3  4  5  6  7  8  9 10 |
---------------+-------------------------------+-----
Spellcasting   | 1 2 3 4 5 |  5.3
Conjurations   | 1 2 3 4 5 |  5.3
Hexes          | 1 2 3 4 5 |  5.3
Summonings     | 1 2 3 4 5 |  5.3
Necromancy     | 1 2 3 4 5 |  5.3
Translocations | 1 2 3 4 5 |  5.3
Fire Magic     | 1 2 3 4 5 |  5.3
Ice Magic      | 1 2 3 4 5 |  5.3
Air Magic      | 1 2 3 4 5 |  5.3
Earth Magic    | 1 2 3 4 5 |  5.3
Alchemy        | 1 2 3 4 5 |  5.3
Long Blades    | 3 4 5 |  5.4
Armour         | 2 3 4 5 6 7 |  7.2
Dodging        | 3 4 5 6 |  6.0
Evocations     | 1 2 3 4 |  4.6
Fighting       | 4 5 6 |  6.0

Action                     |  1- 3 |  4- 6 |  7- 9 | 10-12 || total
---------------------------+-------+-------+-------+-------++-------
  Melee: Falchion          |    77 |   152 |       |       ||   229
         Punch             |     2 |     2 |     3 |       ||     7
         Headbutt          |       |    14 |    59 |    20 ||    93
         Double sword      |       |       |   355 |    58 ||   413
  Evoke: Wand              |       |       |       |     1 ||     1
    Use: Scroll            |       |     5 |     3 |     3 ||    11
   Stab: Confused          |     1 |       |       |       ||     1
         Paralysed         |       |     2 |       |       ||     2
         Distracted        |       |       |     1 |       ||     1
 Armour: Leather armour    |    41 |    12 |       |       ||    53
         Ice dragon scales |       |   129 |   330 |    60 ||   519
  Dodge: Dodged            |    50 |   110 |   242 |    49 ||   451

Table legend: (Time is in decaauts)
 A = Elapsed time spent in this place.
 B = Non-inter-level travel time spent in this place.
 C = Inter-level travel time spent in this place.
 D = Time resting spent in this place.
 E = Time spent auto-exploring this place.
 F = Levels seen in this place.
 G = Mean time per level.
                   A        B        C        D        E       F      G
               +--------+--------+--------+--------+--------+-----+--------+
         Total |  11443 |  11249 |    194 |   5840 |   3650 |   8 | 1430.4 |
       Dungeon |  10521 |  10327 |    194 |   5672 |   3136 |   7 | 1503.0 |
         Sewer |    922 |    922 |      0 |    168 |    514 |   1 |  922.0 |
               +--------+--------+--------+--------+--------+-----+--------+

Top non-repeatable levels by time:
     D:1: 5191 daAuts
     D:2: 1446 daAuts
     D:5: 1236 daAuts
   Sewer: 922 daAuts
     D:6: 908 daAuts
     D:3: 846 daAuts
     D:4: 497 daAuts
     D:7: 394 daAuts
